 Dungeon Crawl Stone Soup version 0.26.1-10-gdfb7c7de75 (webtiles) character file.

Game seed: 15755070378492394343

616 tardwrangler69 the Chopper (level 7, -3/61 HPs)
             Began as a Minotaur Fighter on Apr 7, 2021.
             Slain by a mummy (14 damage)
             ... in an ossuary.
             The game lasted 00:02:20 (2717 turns).

tardwrangler69 the Chopper (Minotaur Fighter)       Turns: 2717, Time: 00:02:21

Health: -3/61      AC:  7    Str: 22    XL:     7   Next: 21%
Magic:  6/6        EV: 11    Int:  5    God:
Gold:   215        SH: 10    Dex: 10    Spells: 6/6 levels left

rFire    . . .     SeeInvis .   a - +0 war axe
rCold    . . .     Faith    .   c - +0 kite shield
rNeg     . . .     Spirit   .   b - +0 scale mail
rPois    .         Reflect  .   (helmet restricted)
rElec    .         Harm     .   (no cloak)
rCorr    .         Rampage  .   (no gloves)
Will     .....                  (no boots)
Stlth    ..........             (no amulet)
HPRegen  0.20/turn              e - +4 ring of evasion
MPRegen  0.10/turn              (no ring)

@: no status effects
A: retaliatory headbutt, horns 2
a: no special abilities


You were in an ossuary.
You visited 1 branch of the dungeon, and saw 4 of its levels.
You also visited: Ossuary.

You collected 215 gold pieces.

Inventory:

Hand Weapons
 a - a +0 war axe (weapon)
 w - a +1 hand axe of flaming
Armour
 b - a +0 scale mail (worn)
 c - a +0 kite shield (worn)
Jewellery
 e - a +4 ring of evasion (left hand)
 s - a +6 ring of strength
Wands
 o - a wand of random effects (6)
Scrolls
 f - a scroll of amnesia {unknown}
 g - a scroll of magic mapping {unknown}
 j - a scroll of blinking {unknown}
 k - 3 scrolls of identify {unknown}
 n - a scroll of enchant armour {unknown}
 p - 3 scrolls of teleportation {unknown}
 q - a scroll of enchant weapon {unknown}
 r - a scroll of fear {unknown}
 u - a scroll of remove curse {unknown}
 v - a scroll of immolation {unknown}
Potions
 d - 4 potions of might
 h - a potion of curing {unknown}
 i - 3 potions of attraction {unknown}
 l - a potion of brilliance {unknown}
 m - a potion of degeneration {unknown}
 t - a potion of flight {unknown}


   Skills:
 + Level 5.4 Fighting
 * Level 6.4 Axes
 + Level 5.5 Armour
 + Level 5.4 Shields


You had 6 spell levels left.
You didn't know any spells.
Your spell library was empty.

Dungeon Overview and Level Annotations

Branches:
Dungeon (4/15)            Ossuary (1/1)
 Temple: D:4-7

Altars:
Ru


Innate Abilities, Weirdness & Mutations

You reflexively headbutt those who attack you in melee.
You have a pair of horns on your head.


Message History

The mummy is severely damaged.
The mummy hits you but does no damage.
You completely miss the mummy.
The mummy is severely damaged.
You slash the mummy!
You destroy the mummy!
You closely miss the mummy.
The mummy is moderately damaged.
The mummy hits you but does no damage.
You barely miss the mummy.
The mummy is moderately damaged.
You block the mummy's attack.
You hit the mummy but do no damage. You headbutt the mummy!
The mummy is almost destroyed.
You hit the mummy.
You destroy the mummy!
The mummy hits you!
* * * LOW HITPOINT WARNING * * *
The mummy hits you!
You die...

#..# #..# #....#....#
#..# ....#....# #..+
...#....# . #..#
.......# .. #..#
####......#...
#..###.............
#..'MM....'........
#..#@#...M....?!?..
#..#.#.......??$!?.
#..########..!$∩$!.
#..'.'.......!!$!!.
#..#.#........?!?..
#..#.#.............
#..###.............
#..'.####......#...##
#..#.#....# #....#


You could see 2 mummies.

Vanquished Creatures
  An elf zombie (Ossuary)
  A centaur zombie (Ossuary)
  2 orc priests
  5 orc wizards
  A worker ant (D:3)
  A big kobold zombie (Ossuary)
  An ogre zombie (Ossuary)
  5 mummies (Ossuary)
  4 gnolls (D:3)
  6 adders
  An ooze (D:1)
  An adder skeleton (D:4)
  An adder zombie (Ossuary)
  A worm (D:2)
  2 dart slugs
  8 orcs
  A ball python (D:4)
  A giant cockroach (D:1)
  8 goblins
  6 hobgoblins
  3 jackals (D:2)
  9 kobolds
  8 bats
  5 frilled lizards
  3 goblin zombies (Ossuary)
  A hobgoblin zombie (Ossuary)
  A kobold zombie (Ossuary)
  2 quokka zombies (Ossuary)
  10 rats
  4 rat zombies (Ossuary)
103 creatures vanquished.

Notes
Turn   | Place    | Note
-------+----------+-------------------------------------------
     0 | D:1      | tardwrangler69 the Minotaur Fighter began the quest for the
                  | Orb.
     0 | D:1      | Reached XP level 1. HP: 19/19 MP: 0/0
   142 | D:1      | Reached XP level 2. HP: 13/27 MP: 1/1
   338 | D:1      | Reached skill level 3 in Axes
  1056 | D:2      | Reached XP level 3. HP: 33/33 MP: 2/2
  1104 | D:2      | Reached XP level 4. HP: 40/40 MP: 3/3
  1113 | D:2      | Reached skill level 4 in Axes
  1507 | D:3      | Reached XP level 5. HP: 47/47 MP: 4/4
  1693 | D:3      | Reached skill level 5 in Axes
  1838 | D:3      | Reached XP level 6. HP: 50/53 MP: 5/5
  1951 | D:3      | Found a sacrificial altar of Ru.
  2144 | D:4      | Reached skill level 5 in Armour
  2146 | D:4      | Reached skill level 5 in Fighting
  2146 | D:4      | Reached skill level 5 in Shields
  2378 | D:4      | Found a sand-covered staircase.
  2385 | Ossuary  | Entered an ossuary
  2482 | Ossuary  | Reached skill level 6 in Axes
  2644 | Ossuary  | Reached XP level 7. HP: 53/61 MP: 6/6
  2717 | Ossuary  | Slain by a mummy

Illustrated notes

Levels and vault maps discovered:
D:1:      grunt_arrival_crossed_arrows, layout_basic, due_unseen_surprise
D:2:      layout_basic
D:3:      layout_rooms, nicolae_ru_the_path_less_chosen
D:4:      layout_cave_pods, minitemple, chequers_ossuary_entry_cave,
          minmay_misc_feat_chi
Ossuary:  ossuary_boxes_badplayer

Skill      XL: |  1  2  3  4  5  6 |
---------------+-------------------+-----
Axes           | 3 4 5 6 |  6.4
Shields        | 4 5 |  5.4
Fighting       | 4 5 |  5.4
Armour         | 4 5 |  5.5

Action                   |  1- 3 |  4- 6 |  7- 9 || total
-------------------------+-------+-------+-------++-------
Melee: War axe           |    62 |   162 |    14 ||   238
       Headbutt          |    10 |    25 |     3 ||    38
Armor: Scale mail        |    20 |    42 |     3 ||    65
Dodge: Dodged            |    30 |    73 |     3 ||   106
Block: Kite shield       |    28 |    65 |     3 ||    96
